AoeStats
← deathstroke9515

Nomad

507381934Analyzed
4v4 RM · 14d ago on Sep 18, 2026· 63m 32s· 8 players
Game mode
Random Map
Map size
231×231
Population
200
Speed
Normal
Resources
Standard
Victory
Conquest
Starting age
Dark Age
Ending age
Imperial Age
RankedLock teamsTeams togetherTeam positionsShared explorationLock speedFull tech treeHidden civsTurbo modeCheats
Victory
Defeat
🇨🇱 Mongols · Chile
835
+13
🇨🇱 Persians · Chile
806
+14
🇨🇳 Khmer · China
600
+22
🇦🇷 Spanish · Argentina
532
+24
🇺🇸 Japanese · United States
818
-21
🇨🇱 Berbers · Chile
739
-18
🇨🇱 Jurchens · Chile
715
-17
🇩🇪 Teutons · Germany
706
-17
M Musashi
14:28 Feudal Age
15:06 Double-Bit Axe
15:29 Town Watch
16:24 Wheelbarrow
16:00 Fishing Lines
18:22 Gold Mining
19:39 Loom
24:24 Castle Age
22:27 Stone Mining
24:04 Forging
25:14 Horse Collar
25:46 Bow Saw
25:52 Gillnets
26:48 Gold Shaft Mining
26:46 Squires
27:05 Heavy Plow
28:15 Hand Cart
28:28 Treadmill Crane
29:53 Medium Warships
29:48 Arson
29:49 Gambesons
30:23 Murder Holes
32:59 Iron Casting
34:03 Scale Mail Armor
35:00 Chain Mail Armor
35:31 Masonry
35:43 Ballistics
37:25 Fletching
42:54 Imperial Age
40:23 Bodkin Arrow
41:48 Padded Archer Armor
42:58 Leather Archer Armor
45:04 Chemistry
45:08 Blast Furnace
44:38 Plate Mail Armor
45:15 Two-Man Saw
44:46 Conscription
43:47 Elite Samurai
45:55 Bracer
46:56 Siege Engineers
47:26 Town Patrol
49:31 Kataparuto
49:47 Hoardings
49:25 Crossbowman
50:12 Thumb Ring
49:31 Elite Skirmisher
50:57 Arbalester
55:03 Ring Archer Armor
58:53 Pikeman
DER ENERGIEBERATER
5:01 Loom
18:24 Feudal Age
21:41 Wheelbarrow
23:30 Wheelbarrow
23:31 Stone Mining
23:45 Gold Mining
30:59 Castle Age
30:48 Horse Collar
31:01 Double-Bit Axe
31:57 Hand Cart
33:08 Bow Saw
33:42 Fletching
34:26 Hand Cart
36:14 Stone Shaft Mining
40:20 Imperial Age
38:21 Bodkin Arrow
39:13 Forging
38:38 Demolition Ship
38:45 Demolition Ship
41:21 Scale Mail Armor
41:24 Fishing Lines
42:42 Heavy Plow
44:04 Crop Rotation
44:59 Iron Casting
44:40 Chain Mail Armor
44:33 Squires
44:19 Arson
44:19 Gambesons
44:46 Gillnets
47:02 Conscription
48:16 Chemistry
47:37 Ballistics
47:24 Siphons
47:39 Clinker Construction
49:44 Two-Man Saw
49:13 Crenellations
49:47 Elite Teutonic Knight
54:38 Blast Furnace
54:26 Medium Warships
54:34 Siege Engineers
55:40 Plate Mail Armor
57:52 Pikeman
59:36 Halberdier
Shalashaska
4:57 Loom
14:22 Feudal Age
15:29 Double-Bit Axe
19:02 Horse Collar
20:42 Man-at-Arms
21:28 Fishing Lines
21:59 Arson
28:06 Castle Age
28:03 Fletching
29:06 Medium Warships
29:35 Town Watch
39:12 Fortified Bastions
43:10 Forging
44:45 Gillnets
49:49 Bow Saw
59:50 Wheelbarrow
セバスティアン
8:52 Loom
14:44 Feudal Age
15:23 Double-Bit Axe
18:28 Fishing Lines
21:19 Castle Age
20:50 Fletching
21:00 Padded Archer Armor
21:18 Stone Mining
22:59 Bow Saw
22:56 Gillnets
23:20 Bodkin Arrow
26:04 Leather Archer Armor
25:57 Husbandry
27:17 Bloodlines
35:35 Imperial Age
32:53 Light Cavalry
37:05 Bracer
37:35 Ring Archer Armor
37:05 Elite Camel Archer
37:48 Maghrebi Camels
39:58 Scale Barding Armor
41:03 Chemistry
40:23 Ballistics
42:37 Heavy Camel Rider
44:03 Chain Barding Armor
44:28 Wheelbarrow
43:18 Pikeman
46:14 Conscription
47:17 Scale Mail Armor
47:27 Forging
49:44 Iron Casting
49:24 Chain Mail Armor
49:46 Plate Barding Armor
52:34 Blast Furnace
52:04 Plate Mail Armor
52:12 Squires
53:46 Elite Skirmisher
58:48 Thumb Ring
deathstroke9515
4:19 Loom
15:51 Feudal Age
19:43 Castle Age
18:13 Double-Bit Axe
22:16 Bow Saw
24:56 Fletching
25:07 Padded Archer Armor
25:14 Scale Barding Armor
25:59 Thumb Ring
27:30 Bloodlines
27:48 Pikeman
28:28 Squires
34:32 Husbandry
37:08 Ballistics
39:43 Imperial Age
39:43 Leather Archer Armor
39:24 Bodkin Arrow
41:19 Wheelbarrow
40:45 Elite Mangudai
41:29 Nomads
43:01 Bracer
43:52 Elite Skirmisher
45:51 Chemistry
45:04 Light Cavalry
46:59 Chain Barding Armor
46:51 Forging
51:55 Capped Ram
53:17 Murder Holes
55:08 Siege Ram
58:26 Drill
matiassboss
17:09 Feudal Age
17:06 Man-at-Arms
17:33 Arson
17:52 Double-Bit Axe
19:00 Horse Collar
19:34 Bloodlines
20:16 Wheelbarrow
19:26 Town Watch
19:26 Loom
20:22 Fishing Lines
20:51 Scale Barding Armor
20:58 Forging
23:12 Stone Mining
23:14 Gold Mining
26:29 Castle Age
27:05 Husbandry
27:50 Bow Saw
27:43 Heavy Plow
27:08 Long Swordsman
27:52 Squires
27:38 Gambesons
28:15 Chain Barding Armor
28:30 Iron Casting
30:29 Hand Cart
30:15 Town Patrol
32:13 Stone Shaft Mining
32:13 Gold Shaft Mining
31:30 Light Cavalry
34:40 Scale Mail Armor
34:55 Thumb Ring
34:47 Fletching
34:57 Padded Archer Armor
37:31 Leather Archer Armor
37:11 Bodkin Arrow
36:38 Crossbowman
39:14 Chain Mail Armor
39:49 Kamandaran
40:56 Heated Shot
41:17 Masonry
41:02 Murder Holes
41:28 Ballistics
41:21 Guard Tower
41:48 Medium Warships
45:25 Imperial Age
45:27 Coinage
44:58 Caravan
46:41 Chemistry
45:07 Cavalier
46:11 Elite War Elephant
48:22 Two-Man Saw
49:18 Savar
50:20 Citadels
50:30 Conscription
49:41 Sappers
52:35 Plate Barding Armor
53:00 Blast Furnace
52:32 Ring Archer Armor
52:47 Hoardings
54:56 Light Cavalry
61:14 Hussar
63:34 Siphons
63:39 Careening
63:42 Clinker Construction
63:30 Gillnets
Ykaru_C
17:27 Feudal Age
15:44 Loom
18:29 Double-Bit Axe
19:47 Horse Collar
21:10 Wheelbarrow
25:25 Castle Age
25:15 Gold Mining
26:58 Bow Saw
27:11 Heavy Plow
38:43 Imperial Age
39:22 Padded Archer Armor
39:13 Fletching
39:29 Scale Barding Armor
39:35 Forging
38:49 Cavalier
40:53 Leather Archer Armor
40:33 Bodkin Arrow
45:18 Paladin
47:05 Chain Barding Armor
47:21 Iron Casting
47:17 Ring Archer Armor
46:48 Bracer
46:59 Husbandry
47:10 Bloodlines
48:43 Plate Barding Armor
48:51 Elite Conquistador
50:35 Hoardings
50:09 Murder Holes
50:31 Masonry
53:30 Two-Man Saw
55:14 Blast Furnace
63:20 Supremacy
63:30 Supremacy
psnb694238
4:29 Loom
19:38 Feudal Age
21:08 Man-at-Arms
21:34 Arson
22:27 Wheelbarrow
21:42 Double-Bit Axe
21:41 Horse Collar
27:37 Stone Mining
27:38 Gold Mining
32:03 Castle Age
34:10 Hand Cart
34:09 Bow Saw
34:03 Heavy Plow
34:51 Stone Shaft Mining
34:52 Gold Shaft Mining
34:01 Pikeman
Connection lost

Rejoining the realm…

Still unreachable

The connection could not be restored.

Session expired

The server has moved on; the page needs a fresh start.